AoeStats
← Kulishaak

Arabia

508860021Analyzed
1v1 RM · 6d ago on Sep 24, 2026· 51m 11s· 2 players
Game mode
Random Map
Map size
Tiny (2 player)
Population
200
Speed
Normal
Resources
Standard
Victory
Conquest
Starting age
Dark Age
Ending age
Imperial Age
RankedLock teamsTeams togetherTeam positionsShared explorationLock speedFull tech treeHidden civsTurbo modeCheats
Victory
Defeat
🇭🇺 Magyars · Hungary
1175
+14
🇨🇿 Saxons · Czechia
1130
-14
R33K
6:31 Loom
9:00 Feudal Age
12:52 Double-Bit Axe
17:29 Scale Barding Armor
18:42 Town Watch
19:39 Wheelbarrow
22:07 Castle Age
20:04 Horse Collar
21:04 Fletching
21:44 Padded Archer Armor
22:18 Bloodlines
22:22 Crossbowman
24:25 Bodkin Arrow
24:44 Bow Saw
25:00 Husbandry
25:25 Gold Mining
27:17 Heavy Plow
28:03 Ballistics
31:21 Chain Barding Armor
30:54 Town Watch
31:42 Hand Cart
32:58 Stone Mining
33:03 Treadmill Crane
34:18 Leather Archer Armor
40:53 Imperial Age
39:28 Thumb Ring
42:03 Gold Shaft Mining
41:23 Cavalier
42:41 Plate Barding Armor
42:11 Bracer
44:19 Chemistry
43:41 Heavy Cavalry Archer
46:09 Ring Archer Armor
48:25 Two-Man Saw
47:49 Conscription
48:43 Murder Holes
Kulishaak
1:03 Loom
8:57 Feudal Age
9:52 Double-Bit Axe
11:43 Man-at-Arms
13:53 Arson
18:30 Wheelbarrow
20:23 Scale Mail Armor
22:38 Castle Age
21:20 Fletching
21:32 Padded Archer Armor
21:57 Gold Mining
22:31 Forging
22:43 Long Swordsman
22:58 Elite Skirmisher
24:31 Bodkin Arrow
24:43 Squires
25:24 Bow Saw
26:27 Gambesons
27:55 Chain Mail Armor
30:25 Stone Mining
31:59 Town Watch
32:00 Pikeman
36:02 Horse Collar
38:22 Leather Archer Armor
45:03 Imperial Age
43:24 Ballistics
43:24 Hand Cart
45:30 Shield Wall
46:57 Iron Casting
47:35 Conscription
47:50 Hoardings
47:50 Halberdier
49:20 Plate Mail Armor
50:31 Elite Varangian Guard
Connection lost

Rejoining the realm…

Still unreachable

The connection could not be restored.

Session expired

The server has moved on; the page needs a fresh start.